 Dungeon Crawl Stone Soup version 0.28-a0-1143-gcf6077d4cc (webtiles) character file.

Game seed: 12551603523566288212

413 smips the Basher (level 6, -7/51 HPs)
             Began as a Minotaur Berserker on Dec 14, 2021.
             Was a Priest of Trog.
             Mangled by a wyvern skeleton (11 damage)
             ... on level 5 of the Dungeon.
             The game lasted 00:04:51 (3753 turns).

smips the Basher (Minotaur Berserker)               Turns: 3753, Time: 00:04:51

Health: -7/51      AC:  9    Str: 23    XL:     6   Next: 59%
Magic:  5/5        EV: 10    Int:  4    God:    Trog [***...]
Gold:   188        SH:  0    Dex: 10    Spells: 5/5 levels left

rFire   . . .      SeeInvis .   a - +0 mace
rCold   . . .      Faith    .   (no shield)
rNeg    . . .      Spirit   .   o - +0 scale mail
rPois   .          Reflect  .   (helmet restricted)
rElec   .          Harm     .   j - +2 cloak
rCorr   .          Rampage  .   (no gloves)
Will    .....                   (no boots)
Stlth   +.........              (no amulet)
HPRegen 0.17/turn               (no ring)
MPRegen 0.09/turn               (no ring)

@: no status effects
A: horns 2, retaliatory headbutt
a: Renounce Religion, Berserk, Trog's Hand


You were on level 5 of the Dungeon.
You worshipped Trog.
Trog was most pleased with you.
You visited 1 branch of the dungeon, and saw 5 of its levels.

You collected 188 gold pieces.

Inventory:

Hand Weapons
 a - a +0 mace (weapon)
Missiles
 n - 28 sling bullets
Armour
 j - a +2 cloak (worn)
 o - a +0 scale mail (worn)
 q - a +0 plate armour
Jewellery
 l - a +6 ring of intelligence
Scrolls
 d - 2 scrolls of vulnerability {unknown}
 e - a scroll of noise {unknown}
 f - a scroll of teleportation {unknown}
 g - 2 scrolls of immolation {unknown}
 h - 5 scrolls of identify {unknown}
 m - a scroll of magic mapping {unknown}
 p - a scroll of torment {unknown}
Potions
 b - a potion of attraction {unknown}
 c - 2 potions of ambrosia {unknown}
 i - 3 potions of brilliance {unknown}
 k - 3 potions of curing {unknown}


   Skills:
 - Level 3.6 Fighting
 + Level 8.0 Maces & Flails
 - Level 2.4 Armour
 - Level 2.1 Dodging
 + Level 2.8 Stealth


You had 5 spell levels left.
You didn't know any spells.
Your spell library was empty.

Dungeon Overview and Level Annotations

Branches:
Dungeon (5/15)
 Temple: D:4-7

Altars:
Gozag


Innate Abilities, Weirdness & Mutations

You have a pair of horns on your head.
You reflexively headbutt those who attack you in melee.


Message History

You hear the sound of rushing water.
There is an entrance to a sewer on this level.
Hurry and find it before the portal rusts away!
Found 18 gold pieces.
There is a stone staircase leading up here.
Found a dagger.
Found a plate armour.
Found an escape hatch in the floor.
You now have 184 gold pieces (gained 18).
You see here a +0 plate armour.
q - a +0 plate armour You now have 188 gold pieces (gained 4).
An iguana comes into view.
The iguana hisses angrily.
The iguana moves out of view.
An iguana and a skeleton come into view.
You sock the iguana!
The iguana is heavily wounded.
The wyvern skeleton bites you but does no damage.
The iguana bites you! The wyvern skeleton bites you.
You closely miss the iguana.
The iguana is heavily wounded.
The iguana barely misses you. You furiously retaliate!
You headbutt the iguana!
You kill the iguana!
Trog accepts your kill. The wyvern skeleton bites you!
Your Maces & Flails skill increases to level 8!
You sock the wyvern skeleton! You headbutt the wyvern skeleton.
The wyvern skeleton is moderately damaged.
The wyvern skeleton barely misses you.
You sock the wyvern skeleton!
The wyvern skeleton is severely damaged.
The wyvern skeleton bites you! x2
* * * LOW HITPOINT WARNING * * *
You are too injured to fight recklessly!
You are too injured to fight recklessly!
You are too injured to fight recklessly!
You barely miss the wyvern skeleton. You headbutt the wyvern skeleton.
The wyvern skeleton is almost destroyed.
The wyvern skeleton bites you!
You die...

............)...#
###...##........#
.....##........##
###... #.......... #
#..## #........###
#.####..####..........
#...................##
#...................#
.......@###.........#
#.....Z.# #.........#
#.......# #.#########
#.......# #.#
#........ ..#
######### ###


You could see a wyvern skeleton.

Vanquished Creatures
  A phantom (D:3)
  A water moccasin skeleton (D:4)
  A bullfrog zombie (D:4)
  2 hounds (D:4)
  Jessica (D:3)
  2 iguanas
  2 adders (D:2)
  An adder skeleton (D:4)
  5 worms
  3 dart slugs
  5 orcs (D:3)
  5 endoplasms
  13 goblins
  10 hobgoblins
  3 quokkas
  5 ball pythons
  3 bats
  A frilled lizard (D:1)
  9 kobolds
  5 rats
78 creatures vanquished.

Notes
Turn   | Place    | Note
-------+----------+-------------------------------------------
     0 | D:1      | smips the Minotaur Berserker began the quest for the Orb.
     0 | D:1      | Reached XP level 1. HP: 19/19 MP: 0/0
    38 | D:1      | Reached skill level 4 in Maces & Flails
   257 | D:1      | Reached XP level 2. HP: 19/26 MP: 1/1
  1111 | D:2      | Reached skill level 5 in Maces & Flails
  1114 | D:2      | Reached ** piety under Trog
  1322 | D:2      | Reached XP level 3. HP: 26/31 MP: 2/2
  1599 | D:2      | Reached XP level 4. HP: 39/39 MP: 3/3
  1954 | D:3      | Reached skill level 1 in Stealth
  1968 | D:3      | Reached skill level 6 in Maces & Flails
  2137 | D:3      | Noticed a shining eye
  2139 | D:3      | Found a faded altar of an unknown god.
  2140 | D:3      | Noticed a great orb of eyes
  2140 | D:3      | Noticed a floating eye
  2140 | D:3      | Noticed a golden eye
  2259 | D:3      | Noticed Jessica
  2264 | D:3      | Killed Jessica
  2576 | D:3      | Noticed a phantom
  2583 | D:3      | Reached XP level 5. HP: 33/45 MP: 4/4
  2587 | D:3      | Killed a phantom
  2588 | D:3      | Reached skill level 7 in Maces & Flails
  3003 | D:4      | Reached XP level 6. HP: 47/51 MP: 5/5
  3091 | D:4      | Reached *** piety under Trog
  3269 | D:4      | Found an opulent altar of Gozag.
  3718 | D:5      | Entered Level 5 of the Dungeon
  3751 | D:5      | Reached skill level 8 in Maces & Flails
  3753 | D:5      | Mangled by a wyvern skeleton

Illustrated notes

Levels and vault maps discovered:
D:1:      matt_arrival_diagonals, layout_basic
D:2:      layout_loops_ring, minmay_heptomino_d4
D:3:      layout_basic, hellmonk_ecumenical_altar_watching_god, uniq_jessica
D:4:      layout_basic, nicolae_gozag_seed_capital
D:5:      kennysheep_big_flooded_room, layout_basic, elyvilon_altar_5,
          mainiacjoe_overflow_divided_tiny, gup_sewer_entry_pipe

Skill      XL: |  1  2  3  4  5  6 |
---------------+-------------------+-----
Maces & Flails | 4 5 6 7 8 |  8.0
Stealth        | 1 2 |  2.8
Fighting       | |  3.6
Armour         | |  2.4
Dodging        | |  2.1

Action                   |  1- 3 |  4- 6 || total
-------------------------+-------+-------++-------
Melee: Mace              |    64 |    96 ||   160
       Headbutt          |    12 |    17 ||    29
Invok: Berserk           |       |     1 ||     1
 Stab: Sleeping          |     5 |     2 ||     7
Armor: Animal skin       |     8 |    18 ||    26
       Scale mail        |       |    25 ||    25
Dodge: Dodged            |    27 |    53 ||    80

Table legend: (Time is in decaauts)
 A = Elapsed time spent in this place.
 B = Non-inter-level travel time spent in this place.
 C = Inter-level travel time spent in this place.
 D = Time resting spent in this place.
 E = Time spent auto-exploring this place.
 F = Levels seen in this place.
 G = Mean time per level.
                   A        B        C        D        E       F      G
               +--------+--------+--------+--------+--------+-----+--------+
         Total |   3784 |   3712 |     72 |    145 |   3071 |   5 |  756.8 |
       Dungeon |   3784 |   3712 |     72 |    145 |   3071 |   5 |  756.8 |
               +--------+--------+--------+--------+--------+-----+--------+

Top non-repeatable levels by time:
     D:3: 1071 daAuts
     D:1: 1015 daAuts
     D:2: 912 daAuts
     D:4: 750 daAuts
     D:5: 34 daAuts
